 Dungeon Crawl Stone Soup version 0.22-b1-21-g5cfc168 (webtiles) character file.

5 Goblin1989 the Insei (level 1, -3/15 HPs)
             Began as a Demonspawn Transmuter on Aug 5, 2018.
             Slain by a hobgoblin
             ... wielding a +0 club
              (4 damage)
             ... on level 1 of the Dungeon.
             The game lasted 00:00:33 (82 turns).

Goblin1989 the Insei (Demonspawn Transmuter)          Turns: 82, Time: 00:00:33

Health: -3/15      AC:  2    Str: 10    XL:     1   Next: 66%
Magic:  2/3        EV: 12    Int: 14    God:
Gold:   24         SH:  0    Dex: 13    Spells: 3/4 levels left

rFire    . . .     SeeInvis .     - Unarmed
rCold    . . .     Gourm    .   (no shield)
rNeg     . . .     Faith    .   b - +0 robe
rPois    .         Spirit   .   (no helmet)
rElec    .         Reflect  .   (no cloak)
rCorr    .         Harm     .   (no gloves)
MR       .....                  (no boots)
Stlth    +.........             (no amulet)
HPRegen  0.05/turn              (no ring)
MPRegen  0.08/turn              (no ring)

@: appendage
A: horns 2
a: End Transformation


You were on level 1 of the Dungeon.
You were not hungry.
You had grown temporary horns.
You visited 1 branch of the dungeon, and saw 1 of its levels.

You collected 24 gold pieces.

Inventory:

Missiles
 a - 12 arrows
Armour
 b - a +0 robe (worn)
 h - a +0 pair of gloves
Scrolls
 g - a scroll of blinking {unknown}
 i - a scroll of remove curse {unknown}
Potions
 f - a potion of magic {unknown}
Comestibles
 e - 2 rations


   Skills:
 - Level 1.0 Fighting
 - Level 1.7 Dodging
 - Level 2.6 Unarmed Combat
 - Level 2.0 Spellcasting
 + Level 2.2 Transmutations


You had 3 spell levels left.
You knew the following spells:

 Your Spells              Type           Power        Failure   Level  Hunger
a - Beastly Appendage     Tmut           #.....       10%         1    ##.....

Your spell library contained the following spells:

 Spells                   Type           Power        Failure   Level  Hunger
 Spider Form              Tmut/Pois      #.........   41%         3    ####...
 Blade Hands              Tmut           #.........   95%         5    ######.
 Ice Form                 Ice/Tmut       #.......     83%         4    #####..
 Sticks to Snakes         Tmut           #.......     14%         2    ###....


Dungeon Overview and Level Annotations

Branches:
Dungeon (1/15)

Altars:


Innate Abilities, Weirdness & Mutations

You have a pair of horns on your head.


Message History

You closely miss the kobold. The kobold hits you with a short sword.
You take 1 damage, and have 14/15 hp.
You closely miss the kobold.
A kobold comes into view.
The kobold hits you with a short sword.
You take 3 damage, and have 11/15 hp.
You hit the kobold but do no damage. You claw the kobold.
You kill the kobold!
A leopard gecko comes into view.
The kobold hits you.
Things that are here:
a short sword; a kobold corpse You take 2 damage, and have 9/15 hp.
You are too injured to fight recklessly!
You are too injured to fight recklessly!
You are too injured to fight recklessly!
You are too injured to fight recklessly!
You are too injured to fight recklessly!
You are too injured to fight recklessly!
You are too injured to fight recklessly!
You are too injured to fight recklessly!
You are too injured to fight recklessly!
You are too injured to fight recklessly!
You are too injured to fight recklessly!
You are too injured to fight recklessly!
You are too injured to fight recklessly!
You are too injured to fight recklessly!
You are too injured to fight recklessly!
You are too injured to fight recklessly!
You are too injured to fight recklessly!
You are too injured to fight recklessly!
You are too injured to fight recklessly!
You are too injured to fight recklessly!
You are too injured to fight recklessly!
You are too injured to fight recklessly!
You are too injured to fight recklessly!
You are too injured to fight recklessly!
You are too injured to fight recklessly!
You are too injured to fight recklessly!
You are too injured to fight recklessly!
You are too injured to fight recklessly!
You are too injured to fight recklessly!
You are too injured to fight recklessly!
You are too injured to fight recklessly!
You are too injured to fight recklessly!
You are too injured to fight recklessly!
You are too injured to fight recklessly!
Casting: Beastly Appendage (safe; 11% risk of failure)
Confirm with . or Enter, or press ? or * to list all spells.
You extend your transformation's duration.
The kobold barely misses you.
You now have 1/3 mp.
You closely miss the kobold. The kobold hits you. The kobold misses you.
The leopard gecko closely misses you.
You take 1 damage, and have 8/15 hp.
You hit the kobold.
You kill the kobold!
The kobold barely misses you. The leopard gecko bites you.
* * * LOW HITPOINT WARNING * * *
You take 5 damage, and have 3/15 hp.
MASSIVE DAMAGE!!
A goblin comes into view. It is wielding a club.
You miss the kobold.
The goblin shouts!
You claw the kobold.
The kobold is severely wounded.
The kobold hits you.
* * * LOW HITPOINT WARNING * * *
You take 1 damage, and have 2/15 hp.
You hit the kobold.
You kill the kobold!
Your Transmutations skill increases to level 2!
You barely miss the leopard gecko. Your kick misses the leopard gecko.
Your transformation is almost over.
The leopard gecko misses you.
You completely miss the leopard gecko. You claw the leopard gecko.
The leopard gecko is moderately wounded.
The leopard gecko closely misses you.
You hit the leopard gecko.
You kill the leopard gecko!
The goblin hits you but does no damage.
You see here a kobold corpse.
You hit the goblin.
You kill the goblin!
A hobgoblin comes into view. It is wielding a club.
The hobgoblin shouts!
A dart slug comes into view.
Things that are here:
a club; a goblin corpse
Things that are here:
a club; a goblin corpse Your talons disappear.
You see here a kobold corpse.
The hobgoblin hits you with a club.
* * * LOW HITPOINT WARNING * * *
You take 1 damage, and have 1/15 hp.
You hit the hobgoblin but do no damage.
Casting: Beastly Appendage (safe; 10% risk of failure)
Confirm with . or Enter, or press ? or * to list all spells.
You grow a pair of large bovine horns.
The hobgoblin hits you with a club.
You die...

███..██.█.█
.........█ █.......
█...... █....█
█.█w█ █.█)█ █.█g█
█.█@█████.███
█.█%)........
█.███.███.███
..█████.███........
...............█.██
.█████.████.██.█
..██████.█ .█ █
.........█ .█
.███████.████.████


You could see a dart slug and a hobgoblin.

Vanquished Creatures
  A leopard gecko (D:1)
  A goblin (D:1)
  3 kobolds (D:1)
5 creatures vanquished.

Notes
Turn   | Place    | Note
-------+----------+-------------------------------------------
     0 | D:1      | Goblin1989 the Demonspawn Transmuter began the quest for the Orb.
     0 | D:1      | Reached XP level 1. HP: 15/15 MP: 3/3
    82 | D:1      | Slain by a hobgoblin

Skill      XL: |  1 |
---------------+----+-----
Transmutations | 2 |  2.2
Fighting       | |  1.0
Dodging        | |  1.7
Unarmed Combat | |  2.6
Spellcasting   | |  2.0

Action                   || total
-------------------------++-------
Melee: Unarmed           ||    12
       Kick              ||     3
 Cast: Beastly Appendage ||     3
Dodge: Dodged            ||     6

Vault maps used:
D:1:      giann_forest_graveyard
